Map: Frozen Temple

Players

capac - Winner!

  • Race: Terran Terran
  • League: Gold

sTERNI

  • Race: Protoss Protoss
  • League: Gold

VOD

Have the link to the VOD?

Description

Time

  • Played on: April 16, 2016, 3:04 p.m.
  • Length: 20:56
Show
View Real Time Build Order
Export as new Build Order

capac Terran - Winner!

Build Orders: Reaper Expand, MMM Bio 

Get SALT Encoding   

  12  0:00  SCV  
  13  0:13  SCV  
  14  0:19  Supply Depot  
  14  0:25  SCV  
  15  0:40  SCV  
  16  0:43  Barracks  
  16  0:48  Refinery  
  16  0:52  SCV  
  17  1:05  SCV  
  18  1:17  SCV  
  19  1:29  Orbital Command  
  19  1:32  Reaper  
  20  1:42  Command Center  
  20  1:54  Supply Depot  
  20  1:55  SCV  
  21  2:06  Barracks Reactor  
  21  2:17  Barracks  
  21  2:22  SCV  
  22  2:29  Refinery, Factory  
  22  2:44  Marine x2  
  23  2:48  SCV  
  25  2:56  Orbital Command  
  25  3:01  SCV  
  26  3:09  Marine x2  
  26  3:10  Barracks Tech Lab  
  26  3:12  Barracks  
  28  3:13  SCV  
  28  3:14  Factory Tech Lab  
  28  3:17  Starport  
  29  3:22  SCV  
  29  3:25  SCV  
  31  3:28  Marine x2  
  33  3:36  Siege Tank  
  33  3:37  SCV  
  37  3:44  SCV  
  38  3:48  Marine x3  
  38  3:53  Medivac  
  43  3:58  Supply Depot  
  43  4:01  Supply Depot  
  43  4:05  Engineering Bay  
  43  4:07  SCV x2  
  45  4:16  Stimpack  
  45  4:19  Barracks Reactor  
  45  4:20  SCV x2  
  45  4:21  Marine x2  
  49  4:27  Starport Reactor  
  49  4:30  Supply Depot  
  49  4:32  SCV x2  
  51  4:44  SCV x2  
  51  4:45  Marine x3  
  55  4:51  Refinery  
  56  4:53  Supply Depot  
  56  4:56  SCV  
  56  4:57  Marine x2, SCV  
  60  5:07  Liberator x2  
  60  5:14  Missile Turret  
  60  5:17  Marine x5  
  60  5:19  SCV x2  
  60  5:20  Supply Depot  
  73  5:30  Refinery  
  73  5:31  SCV x2  
  75  5:47  Command Center  
  75  5:48  SCV x2  
  77  5:50  Missile Turret  
  77  5:54  Terran Infantry Weapons Level 1  
  77  5:59  Marine  
  77  6:00  Marine x3, SCV  
  77  6:01  SCV  
  83  6:10  Medivac  
  85  6:13  SCV  
  86  6:23  Supply Depot  
  86  6:27  Supply Depot  
  86  6:37  Marine x4  
  86  6:38  Marauder, SCV x2  
  94  6:45  Medivac  
  96  6:55  Marine x4  
  96  6:56  SCV x2  
  96  6:59  Supply Depot  
  102  7:01  Supply Depot  
  102  7:08  SCV  
  103  7:11  Barracks  
  103  7:12  Barracks  
  103  7:15  Marine, SCV  
  104  7:16  Marine x4  
  104  7:17  Combat Shields  
  104  7:18  Starport  
  104  7:20  SCV  
  110  7:27  SCV  
  111  7:38  Liberator x2  
  111  7:48  Orbital Command  
  111  7:50  SCV x2  
  113  7:54  Siege Tank  
  122  8:02  Supply Depot, Marine x4, SCV x2  
  122  8:04  Barracks Tech Lab, Barracks Reactor, Supply Depot  
  130  8:06  Marauder  
  130  8:14  SCV  
  130  8:15  SCV  
  130  8:17  SCV  
  130  8:19  Marine x2  
  133  8:20  Marine  
  133  8:25  Barracks  
  133  8:27  Barracks, Starport Reactor, SCV  
  137  8:28  Engineering Bay, Terran Infantry Armor Level 1  
  137  8:31  Armory  
  137  8:33  Supply Depot, Marine  
  138  8:34  Supply Depot  
  138  8:51  Liberator x2  
  138  8:59  Supply Depot  
  138  9:04  Marauder x2  
  138  9:07  Refinery, Medivac x2  
  138  9:09  Refinery  
  152  9:15  SCV x2  
  152  9:16  SCV  
  155  9:19  Concussive Shells  
  155  9:27  SCV  
  155  9:28  SCV x2  
  158  9:38  Liberator  
  158  9:39  Liberator  
  158  9:42  Siege Tank  
  161  9:50  Supply Depot  
  161  9:56  Supply Depot  
  161  9:57  Medivac x2  
  171  10:27  Medivac x2  
  175  10:39  Marine x3  
  175  10:40  Marine x2  
  180  10:43  Barracks Tech Lab, Barracks Reactor  
  180  10:44  Marauder  
  180  10:45  Marauder  
  180  10:48  Liberator x2  
  184  11:06  Terran Infantry Weapons Level 2, Marauder  
  184  11:07  Terran Infantry Armor Level 2  
  184  11:08  Terran Ship Weapons Level 1  
  184  11:10  Armory  
  192  11:15  Supply Depot  
  168  11:31  Liberator  
  133  12:03  Liberator  
  99  12:08  Marine x2  
  99  12:09  Marine x5  
  99  12:15  Liberator x2  
  106  12:30  Factory Tech Lab  
  106  12:36  Marine x3  
  106  12:37  Marine  
  110  12:50  Orbital Command  
  110  12:57  Marine x2  
  110  12:58  Marine  
  113  13:04  Starport Reactor  
  113  13:11  Barracks Reactor  
  113  13:12  Barracks Tech Lab  
  92  13:29  Marine  
  92  13:30  Marauder x2, Marine x2  
  92  13:31  Marine  
  100  13:41  SCV x2, Command Center  
  102  13:51  Marauder  
  102  13:53  SCV x2  
  106  13:56  Refinery  
  106  13:59  Refinery, Marine x5  
  106  14:00  Marine x3  
  114  14:12  Marine  
  114  14:17  Marine x3, Medivac x2  
  122  14:43  Marine x4  
  122  14:44  Marine x2  
  122  14:45  Marauder x3  
  134  14:48  SCV x2  
  134  14:49  Missile Turret  
  136  14:55  Command Center  
  136  15:00  SCV x2  
  138  15:12  SCV x2  
  140  15:14  Missile Turret  
  140  15:20  Missile Turret  
  140  15:25  Liberator x2  
  140  15:30  SCV x2  
  142  15:37  Marauder x3, Marine  
  142  15:38  Marine x4  
  142  15:39  Marine  
  142  15:42  SCV  
  155  15:44  Medivac x2  
  165  16:07  Marauder x3, Marine x3  
  174  16:20  Orbital Command  
  174  16:28  Barracks  
  174  16:41  SCV  
  174  16:42  SCV  
  174  16:46  SCV  
  177  16:53  SCV  
  177  16:54  SCV  
  179  17:35  SCV x2  
  179  17:36  SCV  
  182  17:41  Missile Turret  
  177  17:47  SCV  
  177  17:48  SCV x2  
  179  17:57  Missile Turret  
  179  18:07  Missile Turret  
  179  18:18  Liberator x4  
  179  18:27  Refinery  
  179  18:28  Refinery  
  191  18:49  SCV x2  
  191  18:50  SCV  
  194  19:08  Barracks  
  194  19:17  Missile Turret  
  194  19:22  SCV x2  
  196  19:35  Barracks  
  196  19:42  Barracks  
  196  19:44  Barracks  
  196  19:52  Starport  
  196  19:53  Starport  
  196  20:24  SCV  
Show
View Real Time Build Order
Export as new Build Order

sTERNI Protoss 

Build Orders: 1 Gate Expand 

Get SALT Encoding   

  12  0:00  Probe (Chrono Boost)  
  13  0:11  Probe (Chrono Boost)  
  14  0:18  Pylon  
  14  0:22  Probe (Chrono Boost)  
  15  0:36  Probe (Chrono Boost)  
  15  0:39  Gateway  
  16  0:47  Probe (Chrono Boost)  
  16  0:48  Assimilator  
  17  0:57  Probe (Chrono Boost)  
  18  1:08  Probe (Chrono Boost)  
  20  1:18  Probe (Chrono Boost)  
  20  1:20  Pylon  
  20  1:27  Cybernetics Core  
  20  1:41  Nexus  
  20  1:45  Probe (Chrono Boost)  
  21  1:54  Gateway  
  21  2:03  Warp Gate (Chrono Boost)  
  21  2:05  Stalker (Chrono Boost)  
  23  2:12  Assimilator  
  23  2:25  Mothership Core (Chrono Boost)  
  25  2:45  Probe  
  26  2:58  Probe  
  27  3:00  Gateway  
  27  3:01  Gateway  
  27  3:02  Pylon  
  27  3:09  Assimilator  
  27  3:10  Probe  
  27  3:11  Probe, Assimilator  
  28  3:13  Pylon  
  29  3:23  Probe  
  30  3:29  Stalker  
  30  3:30  Probe  
  33  3:35  Probe  
  34  3:44  Probe, Gateway  
  35  3:58  Stalker  
  35  3:59  Stalker  
  39  4:04  Stalker  
  39  4:07  Sentry  
  43  4:15  Probe  
  43  4:16  Probe  
  45  4:23  Pylon  
  45  4:27  Robotics Facility  
  45  4:31  Pylon  
  45  4:39  Stalker  
  47  4:47  Forge  
  47  4:50  Probe, Pylon  
  47  4:52  Probe  
  49  5:04  Zealot  
  49  5:05  Pylon  
  49  5:06  Zealot  
  53  5:10  Probe  
  53  5:16  Observer (Chrono Boost)  
  53  5:20  Zealot x2  
  58  5:24  Protoss Ground Weapons Level 1 (Chrono Boost)  
  58  5:31  Twilight Council  
  58  5:33  Observer  
  58  5:38  Probe x2  
  61  5:46  Zealot x2  
  65  5:51  Immortal  
  69  6:00  Zealot  
  69  6:02  Zealot  
  73  6:10  Photon Cannon  
  73  6:11  Probe  
  73  6:12  Probe  
  73  6:18  Stalker  
  77  6:27  Stalker x2  
  81  6:36  Stalker x2  
  85  6:40  Immortal  
  89  6:53  Protoss Ground Armor Level 1 (Chrono Boost)  
  89  7:18  Charge (Chrono Boost)  
  89  7:23  Pylon  
  89  7:26  Pylon  
  89  7:27  Nexus  
  89  7:29  Pylon  
  88  7:41  Probe x2, Observer  
  88  7:42  Pylon  
  91  7:45  Pylon  
  91  7:53  Probe x2, Stalker x2  
  91  7:54  Stalker  
  99  8:02  Templar Archives  
  99  8:05  Probe  
  100  8:11  Probe  
  101  8:17  Probe  
  102  8:20  Dark Shrine  
  102  8:30  Psionic Storm  
  102  8:41  High Templar  
  102  8:44  Zealot x3  
  102  8:45  Zealot  
  111  8:55  Protoss Ground Weapons Level 2 (Chrono Boost)  
  111  9:07  Zealot  
  111  9:08  Zealot x3  
  119  9:12  Sentry  
  119  9:14  Nexus  
  121  9:29  Gateway  
  121  9:31  Gateway  
  121  9:32  Zealot x2, Gateway  
  125  9:39  Pylon  
  125  10:02  Pylon  
  125  10:06  High Templar x3, Pylon  
  125  10:07  High Templar  
  133  10:21  Dark Templar  
  135  10:32  Dark Templar  
  135  10:34  Zealot x2  
  141  10:41  Dark Templar  
  143  10:45  Dark Templar  
  143  10:48  Zealot x2  
  149  10:51  Zealot  
  149  10:56  Zealot  
  153  11:04  Zealot x2  
  94  12:13  Stalker x4  
  94  12:14  Stalker x4  
  98  12:18  Probe x2  
  100  12:24  Immortal (Chrono Boost)  
  104  12:30  Probe x2  
  106  12:42  Probe x2  
  106  12:43  Nexus  
  106  12:54  Probe, Nexus  
  111  12:59  Immortal (Chrono Boost)  
  93  13:29  Probe x2  
  95  13:41  Probe x2  
  95  13:44  Dark Templar x3  
  103  13:52  Observer (Chrono Boost)  
  103  13:53  Probe x2  
  106  14:00  Pylon  
  106  14:02  Pylon  
  106  14:05  Probe  
  106  14:06  Probe  
  106  14:10  Observer (Chrono Boost)  
  107  14:23  Protoss Ground Weapons Level 3 (Chrono Boost)  
  107  14:26  Blink (Chrono Boost)  
  107  14:28  High Templar  
  107  14:29  High Templar x4  
  117  14:45  Pylon  
  117  14:47  Probe x2  
  117  14:48  Assimilator  
  117  14:50  Assimilator  
  119  14:55  Assimilator  
  119  14:58  Assimilator  
  119  14:59  Probe x2  
  121  15:00  Pylon  
  121  15:03  Gateway  
  121  15:06  Photon Cannon  
  121  15:08  Gateway  
  121  15:10  Gateway  
  121  15:11  Probe x2  
  123  15:23  Probe x2  
  123  15:26  Dark Templar x3  
  123  15:27  Dark Templar, Zealot  
  135  15:45  Pylon  
  135  15:50  Pylon  
  135  15:51  High Templar  
  135  15:52  High Templar  
  135  15:54  Gateway  
  135  15:55  Immortal  
  135  15:56  Gateway  
  139  16:04  Stalker x2  
  147  16:21  Robotics Bay  
  147  16:23  Pylon  
  147  16:30  Forge  
  147  16:31  Pylon  
  147  16:39  Warp Prism  
  149  16:48  Stalker x2  
  153  17:03  Stalker  
  153  17:04  Nexus, Stalker x3  
  153  17:05  Pylon  
  161  17:08  Assimilator  
  161  17:11  Assimilator  
  161  17:14  Dark Templar x3  
  167  17:23  Zealot x2  
  167  17:24  Zealot  
  169  17:51  High Templar x2  
  169  17:52  High Templar  
  173  17:59  High Templar  
  173  18:05  Probe  
  176  18:06  Probe  
  177  18:17  Probe  
  177  18:18  Probe  
  179  18:20  Photon Cannon  
  179  18:22  Photon Cannon  
  179  18:23  Gateway  
  178  18:41  Protoss Ground Armor Level 2 (Chrono Boost)  
  178  18:44  Protoss Shields Level 1 (Chrono Boost)  
  178  18:46  Zealot  
  178  18:47  Zealot x5  
  178  18:48  Zealot x4  
  196  18:49  Zealot  
  200  19:27  Gateway  
  200  19:29  Photon Cannon  
  200  19:31  Photon Cannon, Gateway  
  200  19:42  Gateway  
  200  19:46  Gateway  
  200  19:47  Pylon  
  192  19:56  Zealot x7  
  192  19:57  Zealot x2  
  107  20:32  Dark Templar x6  
  107  20:33  Dark Templar x5  
  107  20:34  Dark Templar  
  84  20:44  Zealot x3  
  84  20:48  Stalker  
Tags
 
Add a new tag
Caveats
  • Supply blocks, unpowered buildings, or Contaminate may cause inaccurate times.
  • Supply counts are checked every 10 seconds.